MAA
ST. ALBERT PRODIGY @ VILLA RIDGE BRONCHOS
07/29/2018
 
TOP OF THE 1ST
St. Albert Prodigy batting - Pitching for Villa Ridge Bronchos : LHP Jim Unknown
Pitching: LHP Jim Unknown
Batting: RHB Anthony Trujillo 0-0: Ball
1-0: Fly out, F9 (Flyball, 89M)
Batting: LHB Jim Unknown 0-0: Called Strike
0-1: Ball
1-1: Called Strike
1-2: Strikes out swinging
Batting: RHB Carlos Mercado 0-0: Called Strike
0-1: Ball
1-1: Ball
2-1: Foul Ball, location: 2F
2-2: Strikes out swinging
Top of the 1st over - 0 run(s), 0 hit(s), 0 error(s), 0 left on base; St. Albert 0 - Villa Ridge 0
BOTTOM OF THE 1ST
Villa Ridge Bronchos batting - Pitching for St. Albert Prodigy : RHP Emory Bryant
Pitching: RHP Emory Bryant
Batting: RHB Augusto Flores 0-0: Fly out, F7 (Flyball, 78S)
Batting: SHB Ken Osborne 0-0: Called Strike
0-1: Swinging Strike
0-2: Ball
1-2: Ground out U3 (Groundball, 3)
Batting: LHB Ray Schneider 0-0: Ball
1-0: Ball
2-0: Fly out, F6 (Popup, 6MD)
Bottom of the 1st over - 0 run(s), 0 hit(s), 0 error(s), 0 left on base; St. Albert 0 - Villa Ridge 0
TOP OF THE 2ND
St. Albert Prodigy batting - Pitching for Villa Ridge Bronchos : LHP Jim Unknown
Batting: RHB Bernardo Burgos 0-0: Ball
1-0: Foul Ball, location: 2F
1-1: Ball
2-1: Foul Ball, location: 2F
2-2: Strikes out swinging
Batting: SHB Monte Adams 0-0: Called Strike
0-1: Ground out 6-3 (Groundball, 56)
Batting: RHB Larry Mason 0-0: Ball
1-0: Called Strike
1-1: Ball
2-1: Ball
3-1: Foul Ball, location: 2F
3-2: Ground out 5-3 (Groundball, 56S)
Top of the 2nd over - 0 run(s), 0 hit(s), 0 error(s), 0 left on base; St. Albert 0 - Villa Ridge 0
BOTTOM OF THE 2ND
Villa Ridge Bronchos batting - Pitching for St. Albert Prodigy : RHP Emory Bryant
Batting: RHB Jim Unknown 0-0: Ball
1-0: Foul Ball, location: 2F
1-1: Ball
2-1: Ball
3-1: Called Strike
3-2: Base on Balls
Batting: RHB Lindsay Stewart 0-0: Ball
1-0: Ball
2-0: Foul Ball, location: 2F
2-1: Foul Ball, location: 2F
2-2: Foul Ball, location: 2F
2-2: Strikes out swinging
Batting: SHB Felipe González 0-0: Swinging Strike
0-1: Ball
1-1: Ball
2-1: Foul Ball, location: 2F
2-2: Fly out, F9 (Flyball, 89M)
Batting: RHB Adrian Draper 0-0: Fielders Choice at 2nd, U4 (Groundball, 4M)
Bottom of the 2nd over - 0 run(s), 0 hit(s), 0 error(s), 1 left on base; St. Albert 0 - Villa Ridge 0
TOP OF THE 3RD
St. Albert Prodigy batting - Pitching for Villa Ridge Bronchos : LHP Jim Unknown
Batting: RHB Dirk Davis 0-0: Ball
1-0: Foul Ball, location: 2F
1-1: Swinging Strike
1-2: Ball
2-2: Strikes out swinging
Batting: RHB Harrison Blackford 0-0: Swinging Strike
0-1: Foul Ball, location: 2F
0-2: Foul Ball, location: 2F
0-2: Foul Ball, location: 2F
0-2: Ball
1-2: Ball
2-2: Strikes out swinging
Batting: LHB Abel Kelly 0-0: Called Strike
0-1: Swinging Strike
0-2: Ball
1-2: Fly out, F7 (Flyball, 78M)
Top of the 3rd over - 0 run(s), 0 hit(s), 0 error(s), 0 left on base; St. Albert 0 - Villa Ridge 0
BOTTOM OF THE 3RD
Villa Ridge Bronchos batting - Pitching for St. Albert Prodigy : RHP Emory Bryant
Batting: RHB Salvador Martínez 0-0: Foul Ball, location: 2F
0-1: Ball
1-1: Foul Ball, location: 2F
1-2: Strikes out swinging
Batting: LHB Lonnie Austin 0-0: Foul Ball, location: 2F
0-1: Called Strike
0-2: Ball
1-2: Ball
2-2: Ball
3-2: Foul Ball, location: 2F
3-2: Foul Ball, location: 2F
3-2: Base on Balls
Batting: RHB Augusto Flores 0-0: Ball
1-0: Called Strike
1-1: Grounds into double play, 1-4-3 (Groundball, 15S)
Bottom of the 3rd over - 0 run(s), 0 hit(s), 0 error(s), 0 left on base; St. Albert 0 - Villa Ridge 0
TOP OF THE 4TH
St. Albert Prodigy batting - Pitching for Villa Ridge Bronchos : LHP Jim Unknown
Batting: RHB Anthony Trujillo 0-0: Swinging Strike
0-1: Fly out, F8 (Flyball, 8LM)
Batting: LHB Jim Unknown 0-0: Ball
1-0: Foul Ball, location: 2F
1-1: Ball
2-1: SINGLE (Line Drive, 8LS)
Batting: RHB Carlos Mercado 0-0: Foul Ball, location: 2F
0-1: Ball
1-1: Ball
2-1: Ball
3-1: Called Strike
3-2: Strikes out swinging
Throwing error on steal attempt, E2
Jim Unknown to third
Batting: RHB Bernardo Burgos 0-0: Reached on error, E6 (Groundball, 6M)
Jim Unknown scores
Batting: SHB Monte Adams 0-0: Called Strike
0-1: Called Strike
0-2: Ball
1-2: Foul Ball, location: 2F
1-2: Ball
2-2: Reached on Error, E9 (Flyball, 9LM)
Bernardo Burgos to third
Batting: RHB Larry Mason 0-0: Ball
1-0: Foul Ball, location: 2F
1-1: Ball
2-1: Foul Ball, location: 2F
2-2: Foul Ball, location: 2F
2-2: Ball
3-2: Strikes out swinging
Top of the 4th over - 1 run(s), 1 hit(s), 3 error(s), 2 left on base; St. Albert 1 - Villa Ridge 0
BOTTOM OF THE 4TH
Villa Ridge Bronchos batting - Pitching for St. Albert Prodigy : RHP Emory Bryant
Batting: SHB Ken Osborne 0-0: Foul Ball, location: 2F
0-1: Foul Ball, location: 2F
0-2: Ball
1-2: Fly out, F6 (Line Drive, 6)
Batting: LHB Ray Schneider 0-0: Ground out 4-3 (Groundball, 34)
Batting: RHB Jim Unknown 0-0: Called Strike
0-1: Called Strike
0-2: Ball
1-2: Ball
2-2: Ground out U3 (Groundball, 3L)
Bottom of the 4th over - 0 run(s), 0 hit(s), 0 error(s), 0 left on base; St. Albert 1 - Villa Ridge 0
TOP OF THE 5TH
St. Albert Prodigy batting - Pitching for Villa Ridge Bronchos : LHP Jim Unknown
Batting: RHB Dirk Davis 0-0: Ball
1-0: Swinging Strike
1-1: Called Strike
1-2: Ball
2-2: Strikes out swinging
Batting: RHB Harrison Blackford 0-0: Swinging Strike
0-1: Fly out, F3 (Popup, 3DF)
Batting: LHB Abel Kelly 0-0: Ball
1-0: Ball
2-0: Called Strike
2-1: Ball
3-1: Swinging Strike
3-2: Base on Balls
Batting: RHB Anthony Trujillo 0-0: Called Strike
0-1: Hit by Pitch
Abel Kelly to second
Batting: LHB Jim Unknown 0-0: Called Strike
Single, Error in OF, E7, batter to second base
Abel Kelly scores
Anthony Trujillo to third
Batting: RHB Carlos Mercado 0-0: Ball
1-0: Ball
2-0: Ground out 6-3 (Groundball, 6M)
Top of the 5th over - 1 run(s), 1 hit(s), 1 error(s), 2 left on base; St. Albert 2 - Villa Ridge 0
BOTTOM OF THE 5TH
Villa Ridge Bronchos batting - Pitching for St. Albert Prodigy : RHP Emory Bryant
Batting: RHB Lindsay Stewart 0-0: Ball
1-0: Called Strike
1-1: Ball
2-1: Foul Ball, location: 2F
2-2: Foul Ball, location: 2F
2-2: Strikes out looking
Batting: SHB Felipe González 0-0: Ball
1-0: Foul Ball, location: 2F
1-1: Foul Ball, location: 2F
1-2: Foul Ball, location: 2F
1-2: Strikes out swinging
Batting: RHB Adrian Draper 0-0: Called Strike
0-1: SINGLE (Flyball, 7LM)
Pitching: LHP Manuel Ortíz
Batting: RHB Salvador Martínez 0-0: Called Strike
0-1: Ball
1-1: SINGLE (Line Drive, 6M)
Adrian Draper to second
Batting: LHB Lonnie Austin 0-0: Ball
1-0: SINGLE (Groundball, 4M)
Adrian Draper to third
Salvador Martínez to second
Runner from 3rd tries for Home, SAFE, no throw or cutoff
Batting: RHB Augusto Flores 0-0: Called Strike
0-1: Ball
1-1: Foul Ball, location: 2F
1-2: Ball
2-2: Fly out, F7 (Flyball, 7M)
Bottom of the 5th over - 1 run(s), 3 hit(s), 0 error(s), 2 left on base; St. Albert 2 - Villa Ridge 1
TOP OF THE 6TH
St. Albert Prodigy batting - Pitching for Villa Ridge Bronchos : LHP Jim Unknown
Batting: RHB Bernardo Burgos 0-0: Ball
1-0: Foul Ball, location: 2F
1-1: Ball
2-1: Ball
3-1: Called Strike
3-2: Strikes out swinging
Batting: SHB Monte Adams 0-0: Ball
1-0: Foul Ball, location: 2F
1-1: Ball
2-1: Fly out, F9 (Flyball, 9M)
Batting: RHB Larry Mason 0-0: Foul Ball, location: 2F
0-1: Foul Ball, location: 2F
0-2: Ball
1-2: Fly out, F7 (Line Drive, 7M)
Top of the 6th over - 0 run(s), 0 hit(s), 0 error(s), 0 left on base; St. Albert 2 - Villa Ridge 1
BOTTOM OF THE 6TH
Villa Ridge Bronchos batting - Pitching for St. Albert Prodigy : LHP Manuel Ortíz
Batting: SHB Ken Osborne 0-0: Foul Ball, location: 2F
0-1: Called Strike
0-2: Ball
1-2: Strikes out swinging
Batting: LHB Ray Schneider 0-0: Ground out 5-3 (Groundball, 5S)
Batting: RHB Jim Unknown 0-0: Ball
1-0: Ball
2-0: Foul Ball, location: 2F
2-1: Ball
3-1: Foul Ball, location: 2F
3-2: Base on Balls
Batting: RHB Lindsay Stewart 0-0: Ball
1-0: Ball
2-0: Fly out, F8 (Flyball, 8RM)
Bottom of the 6th over - 0 run(s), 0 hit(s), 0 error(s), 1 left on base; St. Albert 2 - Villa Ridge 1
TOP OF THE 7TH
St. Albert Prodigy batting - Pitching for Villa Ridge Bronchos : LHP Jim Unknown
Batting: RHB Dirk Davis 0-0: Called Strike
0-1: Called Strike
0-2: Ball
1-2: Ball
2-2: Foul Ball, location: 2F
2-2: Fly out, F3 (Popup, 3F)
Batting: RHB Harrison Blackford 0-0: Ball
1-0: Ball
2-0: Called Strike
2-1: Foul Ball, location: 2F
2-2: Ball
3-2: Strikes out swinging
Batting: LHB Abel Kelly 0-0: Called Strike
0-1: Ball
1-1: Ground out 5-3 (Groundball, 56S)
Top of the 7th over - 0 run(s), 0 hit(s), 0 error(s), 0 left on base; St. Albert 2 - Villa Ridge 1
BOTTOM OF THE 7TH
Villa Ridge Bronchos batting - Pitching for St. Albert Prodigy : LHP Manuel Ortíz
Batting: SHB Felipe González 0-0: Ball
1-0: Ball
2-0: Ball
3-0: Called Strike
3-1: Ground out 6-3 (Groundball, 6)
Pitching: RHP Mike Russell
Batting: RHB Adrian Draper 0-0: Called Strike
0-1: Ball
1-1: Called Strike
1-2: Ball
2-2: Strikes out swinging
Batting: RHB Salvador Martínez 0-0: SINGLE (Groundball, 5L)
Pinch Hitting: LHB Aukukero Mincarlie 0-0: Ball
1-0: Ball
2-0: Ball
3-0: Called Strike
3-1: Base on Balls
Salvador Martínez to second
Batting: RHB Augusto Flores 0-0: Foul Ball, location: 2F
0-1: Ground out 4-3 (Groundball, 4)
Bottom of the 7th over - 0 run(s), 1 hit(s), 0 error(s), 2 left on base; St. Albert 2 - Villa Ridge 1
TOP OF THE 8TH
St. Albert Prodigy batting - Pitching for Villa Ridge Bronchos : LHP Jim Unknown
Pitching: RHP Pat McCormick
Now in RF: Aukukero Mincarlie
Batting: RHB Anthony Trujillo 0-0: Called Strike
0-1: Ground out 5-3 (Groundball, 5)
Pitching: LHP Robert Byrd
Batting: LHB Jim Unknown 0-0: Swinging Strike
0-1: Called Strike
0-2: Ball
1-2: Ball
2-2: Ground out 4-3 (Groundball, 4M)
Pitching: LHP Greg Kelly
Batting: RHB Carlos Mercado 0-0: Ball
1-0: Fly out, F7 (Line Drive, 7M)
Top of the 8th over - 0 run(s), 0 hit(s), 0 error(s), 0 left on base; St. Albert 2 - Villa Ridge 1
BOTTOM OF THE 8TH
Villa Ridge Bronchos batting - Pitching for St. Albert Prodigy : RHP Mike Russell
Pitching: RHP Jeff Wright
Batting: SHB Ken Osborne 0-0: Called Strike
0-1: Fly out, F6 (Popup, 56D)
Batting: LHB Ray Schneider 0-0: Ball
1-0: Called Strike
1-1: Swinging Strike
1-2: Strikes out looking
Batting: RHB Jim Unknown 0-0: Foul Ball, location: 2F
0-1: Ball
1-1: Called Strike
1-2: Ball
2-2: Ball
3-2: Base on Balls
Pinch Hitting: LHB Nari Corelli 0-0: Ball
1-0: Ball
2-0: Ball
3-0: Called Strike
3-1: Base on Balls
Jim Unknown to second
Pinch Hitting: RHB Billy Farley 0-0: Ball
1-0: Ball
2-0: Swinging Strike
2-1: Ball
3-1: Called Strike
3-2: Base on Balls
Jim Unknown to third
Nari Corelli to second
Batting: RHB Adrian Draper 0-0: Called Strike
0-1: Called Strike
0-2: Strikes out swinging
Bottom of the 8th over - 0 run(s), 0 hit(s), 0 error(s), 3 left on base; St. Albert 2 - Villa Ridge 1
TOP OF THE 9TH
St. Albert Prodigy batting - Pitching for Villa Ridge Bronchos : LHP Greg Kelly
Pitching: RHP Jim Unknown
Now at 1B: Nari Corelli
Now in LF: Billy Farley
Batting: RHB Bernardo Burgos 0-0: Called Strike
0-1: Ball
1-1: SINGLE (Groundball, 6D)
Batting: SHB Monte Adams 0-0: Foul Ball, location: 2F
0-1: Fly out, F7 (Flyball, 7M)
Pinch Hitting: RHB Bruce Reiser 0-0: Called Strike
0-1: Called Strike
0-2: Ball
1-2: Ball
2-2: Ball
3-2: Strikes out swinging
Batting: RHB Dirk Davis 0-0: Ball
1-0: Ball
2-0: Ball
3-0: Base on Balls
Bernardo Burgos to second
Batting: RHB Harrison Blackford 0-0: Fly out, F8 (Flyball, 8LM)
Top of the 9th over - 0 run(s), 1 hit(s), 0 error(s), 2 left on base; St. Albert 2 - Villa Ridge 1
BOTTOM OF THE 9TH
Villa Ridge Bronchos batting - Pitching for St. Albert Prodigy : RHP Jeff Wright
Pitching: RHP Wally Wilkerson
Now at 1B: Bruce Reiser
Pinch Hitting: RHB José Rivera 0-0: Ball
1-0: Ball
2-0: SOLO HOME RUN (Flyball, 7LD), Distance : 341 ft
Batting: LHB Aukukero Mincarlie 0-0: Foul Ball, location: 2F
0-1: Ball
1-1: Ball
2-1: Foul Ball, location: 2F
2-2: Ball
3-2: Base on Balls
Pinch Hitting: RHB Harry Simpson 0-0: Ball
1-0: Ball
2-0: Ball
3-0: Swinging Strike
3-1: Base on Balls
Aukukero Mincarlie to second
Batting: SHB Ken Osborne 0-0: Ball
1-0: Ball
2-0: SINGLE (Flyball, 8LS)
Aukukero Mincarlie to third
Harry Simpson to second
Batting: LHB Ray Schneider 0-0: Foul Ball, location: 2F
0-1: Swinging Strike
0-2: Ball
1-2: Ball
2-2: Foul Ball, location: 2F
2-2: Ball
3-2: Foul Ball, location: 2F
3-2: Foul Ball, location: 2F
3-2: Base on Balls
Aukukero Mincarlie scores
Harry Simpson to third
Ken Osborne to second
This league is powered by Out of the Park Baseball, the baseball management simulation game for PC, Mac and Linux
Monday, May 4th, 2015 - OOTP Baseball 15.6 Build 34